 Dungeon Crawl Stone Soup version 0.21.1-1-g345015fe64 (webtiles) character file.

41 Gargoyl the Skirmisher (level 3, -5/31 HPs)
             Began as a Centaur Abyssal Knight on May 29, 2018.
             Was a Follower of Lugonu.
             Slain by an ice beast (14 damage)
             ... on level 2 of the Dungeon.
             The game lasted 00:02:23 (1343 turns).

Gargoyl the Skirmisher (Centaur Abyssal Knight)     Turns: 1343, Time: 00:02:23

Health: -5/31      AC: 13    Str: 14    XL:     3   Next: 32%
Magic:  5/5        EV:  7    Int: 11    God:    Lugonu [*.....]
Gold:   145        SH:  0    Dex:  9    Spells: 2/2 levels left

rFire    . . .     SeeInvis .   a - +5 hand axe (protect)
rCold    . . .     Gourm    .   (no shield)
rNeg     . . .     Faith    .   e - +0 scale mail
rPois    .         Spirit   .   (no helmet)
rElec    .         Reflect  .   (no cloak)
rCorr    .         Harm     .   (no gloves)
MR       .....                  (no barding)
Stlth    ..........             (no amulet)
HPRegen  0.10/turn              (no ring)
MPRegen  0.09/turn              (no ring)

@: protection aura, very quick
A: large, hooves 3, deformed body, speed 2, tough skin 3
a: Depart the Abyss, Renounce Religion


You were on level 2 of the Dungeon.
You worshipped Lugonu.
Lugonu was aware of your devotion.
You were hungry.

You visited 1 branch of the dungeon, and saw 2 of its levels.
You visited the Abyss 1 time.

You collected 145 gold pieces.

Inventory:

Hand Weapons
 a - a +5 hand axe of protection (weapon)
Missiles
 h - 3 javelins (quivered)
Armour
 e - a +0 scale mail (worn)
Scrolls
 g - 2 scrolls of remove curse
Potions
 b - 2 potions of agility {unknown}
 d - a potion of might {unknown}
Comestibles
 c - 2 rations


   Skills:
 + Level 3.5 Fighting
 + Level 2.1 Axes
 * Level 1.5 Armour
 + Level 0.9 Dodging
 * Level 2.7 Invocations


You had 2 spell levels left.
You didn't know any spells.

Dungeon Overview and Level Annotations

Branches:
Dungeon (2/15)

Altars:


Innate Abilities, Weirdness & Mutations

You have hooves in place of feet.
Armour fits poorly on your strangely shaped body.
You cover ground very quickly.
You have extremely tough skin. (AC +3)


Message History

You are feeling hungry.
Found a stone staircase leading down.
An ice beast comes into view.
You hit the ice beast.
Your weapon exudes an aura of protection.
Your kick misses the ice beast.
The ice beast is lightly wounded.
The ice beast hits you but does no damage.
You slash the ice beast! Your kick misses the ice beast.
The ice beast is moderately wounded.
The ice beast hits you. The ice beast freezes you!
You hit the ice beast.
The ice beast is heavily wounded.
The ice beast hits you. The ice beast freezes you!
You hit the ice beast.
The ice beast is severely wounded.
The ice beast hits you.
* * * LOW HITPOINT WARNING * * *
The ice beast freezes you!
You die...

#.####.#####.#.#.
#>...............
######.####.......#.##
#......# #########.#
#......# ******#+#*
#......# *,,,,,,,,,
######.# *,,,,,,,,,
######.# *,,,,,,,,,
#...Y@.#*****,<,,,,,,,
#......+,,,,+,,,,,,,,,
#......#*****,,,,,,,,,
#......# *,,,,,<,,,
#......# *,,,,,,,,,
#......# *,,,,,,,,,
#......#*****,,,,,,,,,
#.......,,,,,,,,,,,,,,
*****,,,,,,,,,********


You could see an ice beast.

Vanquished Creatures
  2 worms (D:2)
  A dart slug (D:1)
  3 bats
  A giant cockroach (D:1)
  7 goblins
  7 hobgoblins (D:1)
  2 kobolds (D:1)
  A ball python (D:1)
  A frilled lizard (D:1)
  5 rats (D:1)
30 creatures vanquished.

Vanquished Creatures (others)
  7 toadstools (D:2)
7 creatures vanquished.

Grand Total: 37 creatures vanquished

Notes
Turn   | Place    | Note
-------+----------+-------------------------------------------
     0 | Abyss:1  | Gargoyl the Centaur Abyssal Knight began the quest for the Orb.
     0 | Abyss:1  | Reached XP level 1. HP: 19/19 MP: 2/2
     6 | Abyss:1  | Found a shattered altar of Ashenzari.
    89 | Abyss:1  | Noticed an orange demon
   101 | Abyss:1  | Noticed an ancient zyme
   177 | Abyss:2  | Noticed a wolf spider simulacrum
   197 | Abyss:2  | Noticed a quasit
   203 | Abyss:2  | Noticed a ynoxinul
   207 | D:1      | Escaped the Abyss
   303 | D:1      | Reached * piety under Lugonu
   303 | D:1      | Reached XP level 2. HP: 25/26 MP: 3/3
   640 | D:1      | Reached XP level 3. HP: 31/31 MP: 3/5
  1338 | D:2      | Noticed an ice beast
  1343 | D:2      | Slain by an ice beast

Skill      XL: |  1  2 |
---------------+-------+-----
Axes           | 2 |  2.1
Fighting       | |  3.5
Armour         | |  1.5
Dodging        | |  0.9
Invocations    | |  2.7

Action                   || total
-------------------------++-------
Melee: Hand axe          ||    73
       Kick              ||     4
Invok: Depart the Abyss  ||     1
  Use: Scroll            ||     9
Armor: Scale mail        ||    51
Dodge: Dodged            ||    41
